EL
TRENTON THUNDER @ CHATTANOOGA LOOKOUTS
08/26/2044
 
TOP OF THE 1ST
Trenton Thunder batting - Pitching for Chattanooga Lookouts : RHP Tom Aagaard
Pitching: RHP Tom Aagaard
Batting: RHB Jeremy Hathcock 0-0: Called Strike
0-1: Ground out 4-3 (Groundball, 4, EV 103.1 MPH)
Batting: SHB David Bantista 0-0: SINGLE (Groundball, 6MS, EV 64.4 MPH) (infield hit)
Batting: RHB Jeremy Lewis 0-0: Called Strike
0-1: SINGLE (Groundball, P, EV 81.3 MPH) (infield hit)
David Bantista to second
Batting: RHB Luis Balderas 0-0: Foul Ball, location: 2F
0-1: Fly out, F7 (Flyball, 7, EV 91.9 MPH)
Batting: RHB Hector Padilla 0-0: Ball
1-0: Ball
2-0: Ball
3-0: Called Strike
3-1: Ground out 3-1 (Groundball, 34, EV 100.6 MPH)
Top of the 1st over - 0 runs, 2 hits, 0 errors, 2 left on base; Trenton 0 - Chattanooga 0
BOTTOM OF THE 1ST
Chattanooga Lookouts batting - Pitching for Trenton Thunder : RHP Leo Gonzales
Pitching: RHP Leo Gonzales
Batting: LHB Marius Tadini 0-0: Ball
1-0: Called Strike
1-1: Swinging Strike
1-2: Strikes out looking
Batting: LHB Kozo Kanamori 0-0: Ball
1-0: SINGLE (Groundball, 6D, EV 104.4 MPH)
Batting: RHB Isaiah Easter 0-0: Ball
1-0: Swinging Strike
1-1: Ball
2-1: Called Strike
2-2: Strikes out looking
Batting: RHB Justin Allison 0-0: Ball
1-0: Foul Ball, location: 2F
1-1: Foul Ball, location: 2F
1-2: Foul Ball, location: 2F
1-2: Strikes out swinging
Bottom of the 1st over - 0 runs, 1 hit, 0 errors, 1 left on base; Trenton 0 - Chattanooga 0
TOP OF THE 2ND
Trenton Thunder batting - Pitching for Chattanooga Lookouts : RHP Tom Aagaard
Batting: SHB Bobby Reynolds 0-0: Ball
1-0: SINGLE (Groundball, 5D, EV 105.6 MPH)
Batting: RHB Herb Craig 0-0: Ball
1-0: Ball
2-0: Ball
3-0: Called Strike
3-1: Foul Ball, location: 2F
3-2: Strikes out swinging
Batting: RHB John Rodd 0-0: Called Strike
0-1: Called Strike
Bobby Reynolds steals 2nd base
0-2: Foul Ball, location: 2F
0-2: Ball
1-2: Ball
2-2: Ball
3-2: Foul Ball, location: 2F
3-2: Ground out 4-3 (Groundball, 4, EV 102.5 MPH)
Bobby Reynolds to third
Batting: RHB Eric Blais 0-0: Called Strike
0-1: Hit by Pitch
Batting: RHB Jeremy Hathcock 0-0: Ball
1-0: Foul Ball, location: 2F
1-1: Called Strike
1-2: SINGLE (Groundball, 56S, EV 63.1 MPH) (infield hit)
Bobby Reynolds scores
Eric Blais to second
Batting: SHB David Bantista 0-0: Ball
1-0: Reached on error, E5 (Groundball, 56, EV 91.3 MPH)
Eric Blais to third
Jeremy Hathcock to second
Batting: RHB Jeremy Lewis 0-0: Called Strike
0-1: Called Strike
0-2: Ball
1-2: Ball
2-2: DOUBLE (Line Drive, 9LD, EV 105.6 MPH)
Eric Blais scores
Jeremy Hathcock scores
David Bantista to third
Runner from 3rd tries for Home, SAFE, throw by RF to trailing runner, SAFE at third!
Batting: RHB Luis Balderas 0-0: Ball
1-0: Called Strike
1-1: Ground out 5-3 (Groundball, 56, EV 87.5 MPH)
Top of the 2nd over - 4 runs, 3 hits, 1 error, 1 left on base; Trenton 4 - Chattanooga 0
BOTTOM OF THE 2ND
Chattanooga Lookouts batting - Pitching for Trenton Thunder : RHP Leo Gonzales
Batting: RHB Ruben Martinez 0-0: Ball
1-0: Called Strike
1-1: Ball
2-1: Ball
3-1: Base on Balls
Batting: RHB Masaichi Tokunaga 0-0: Foul Ball, location: 2F
0-1: Ball
1-1: Ball
2-1: SINGLE (Line Drive, 34, EV 98.1 MPH)
Ruben Martinez to second
Batting: RHB Julian de Reus 0-0: Ball
1-0: Grounds into double play, 5-4-3 (Groundball, 56S, EV 87.5 MPH)
Ruben Martinez to third
Batting: RHB Francisque Regras 0-0: Called Strike
0-1: Called Strike
0-2: Ball
1-2: Ball
2-2: Foul Ball, location: 2F
2-2: SINGLE (Line Drive, 78S, EV 94.4 MPH)
Ruben Martinez scores
Batting: RHB Ben Droge 0-0: Ball
1-0: Called Strike
Francisque Regras is caught stealing 2nd base 2-4
Bottom of the 2nd over - 1 run, 2 hits, 0 errors, 0 left on base; Trenton 4 - Chattanooga 1
TOP OF THE 3RD
Trenton Thunder batting - Pitching for Chattanooga Lookouts : RHP Tom Aagaard
Batting: RHB Hector Padilla 0-0: Fly out, F7 (Flyball, 7LS, EV 84.4 MPH)
Batting: SHB Bobby Reynolds 0-0: SINGLE (Groundball, 34S, EV 62.5 MPH) (infield hit)
Batting: RHB Herb Craig 0-0: Ball
1-0: Ball
2-0: Foul Ball, location: 2F
2-1: Called Strike
2-2: 2-RUN HOME RUN (Flyball, 89XD, EV 103.8 MPH), Distance : 410 ft
Batting: RHB John Rodd 0-0: Ball
1-0: Ball
2-0: Called Strike
2-1: Foul Ball, location: 2F
2-2: Ball
3-2: Ground out 6-3 (Groundball, 6, EV 89.4 MPH)
Batting: RHB Eric Blais 0-0: Foul Ball, location: 2F
0-1: Called Strike
0-2: Foul Ball, location: 2F
0-2: Ball
1-2: Ground out 5-3 (Groundball, 56, EV 101.3 MPH)
Top of the 3rd over - 2 runs, 2 hits, 0 errors, 0 left on base; Trenton 6 - Chattanooga 1
BOTTOM OF THE 3RD
Chattanooga Lookouts batting - Pitching for Trenton Thunder : RHP Leo Gonzales
Batting: RHB Ben Droge 0-0: Swinging Strike
0-1: Ball
1-1: Foul Ball, location: 2F
1-2: Strikes out swinging
Batting: LHB Marius Tadini 0-0: Ground out 6-3 (Groundball, P, EV 90.0 MPH)
Batting: LHB Kozo Kanamori 0-0: Ball
1-0: Fly out, F8 (Flyball, 8RD, EV 97.5 MPH)
Bottom of the 3rd over - 0 runs, 0 hits, 0 errors, 0 left on base; Trenton 6 - Chattanooga 1
TOP OF THE 4TH
Trenton Thunder batting - Pitching for Chattanooga Lookouts : RHP Tom Aagaard
Pitching: LHP Craig Anderson
Batting: RHB Jeremy Hathcock 0-0: Ball
1-0: Ball
2-0: Foul Ball, location: 2F
2-1: Ball
3-1: Base on Balls
Batting: SHB David Bantista 0-0: Ball
Jeremy Hathcock steals 2nd base
1-0: Ball
2-0: Swinging Strike
2-1: SINGLE (Line Drive, 34D, EV 106.3 MPH)
Jeremy Hathcock to third
Batting: RHB Jeremy Lewis 0-0: Called Strike
0-1: Ball
1-1: Foul Ball, location: 2F
1-2: Ball
2-2: Fly out, F9 (Line Drive, 89M, EV 91.9 MPH)
Batting: RHB Luis Balderas 0-0: Foul Ball, location: 2F
0-1: Foul Ball, location: 2F
0-2: Grounds into double play, 6-4-3 (Groundball, 6, EV 97.5 MPH)
Top of the 4th over - 0 runs, 1 hit, 0 errors, 1 left on base; Trenton 6 - Chattanooga 1
BOTTOM OF THE 4TH
Chattanooga Lookouts batting - Pitching for Trenton Thunder : RHP Leo Gonzales
Batting: RHB Isaiah Easter 0-0: Ball
1-0: Ball
2-0: Ball
3-0: Called Strike
3-1: Foul Ball, location: 2F
3-2: Foul Ball, location: 2F
3-2: Foul Ball, location: 2F
3-2: Foul Ball, location: 2F
3-2: Strikes out looking
Batting: RHB Justin Allison 0-0: Ball
1-0: Ball
2-0: Fly out, F6 (Line Drive, 6, EV 71.9 MPH)
Batting: RHB Ruben Martinez 0-0: Ball
1-0: Called Strike
1-1: Foul Ball, location: 2F
1-2: Ball
2-2: Ball
3-2: Foul Ball, location: 2F
3-2: Ground out 5-3 (Groundball, 5, EV 85.0 MPH)
Bottom of the 4th over - 0 runs, 0 hits, 0 errors, 0 left on base; Trenton 6 - Chattanooga 1
TOP OF THE 5TH
Trenton Thunder batting - Pitching for Chattanooga Lookouts : LHP Craig Anderson
Batting: RHB Hector Padilla 0-0: Ball
1-0: Called Strike
1-1: Ball
2-1: Called Strike
2-2: Foul Ball, location: 2F
2-2: Ball
3-2: Base on Balls
Batting: SHB Bobby Reynolds 0-0: Fly out, F8 (Flyball, 8RD, EV 102.5 MPH)
Batting: RHB Herb Craig 0-0: Called Strike
0-1: Ball
1-1: Ball
2-1: Swinging Strike
2-2: Ball
3-2: Ground out 6-3 (Groundball, 6, EV 83.8 MPH)
Hector Padilla to second
Batting: RHB John Rodd 0-0: Ball
1-0: Ball
2-0: Foul Ball, location: 2F
2-1: Ball
3-1: Base on Balls
Batting: RHB Eric Blais 0-0: Ball
1-0: Ball
2-0: Ground out 5-3 (Groundball, 56S, EV 84.4 MPH)
Top of the 5th over - 0 runs, 0 hits, 0 errors, 2 left on base; Trenton 6 - Chattanooga 1
BOTTOM OF THE 5TH
Chattanooga Lookouts batting - Pitching for Trenton Thunder : RHP Leo Gonzales
Batting: RHB Masaichi Tokunaga 0-0: Called Strike
0-1: Foul Ball, location: 2F
0-2: Strikes out swinging
Batting: RHB Julian de Reus 0-0: Ground out 5-3 (Groundball, 56, EV 101.9 MPH)
Batting: RHB Francisque Regras 0-0: Called Strike
0-1: Ball
1-1: Swinging Strike
1-2: Foul Ball, location: 2F
1-2: Fly out, F8 (Flyball, 8RD, EV 100.0 MPH)
Bottom of the 5th over - 0 runs, 0 hits, 0 errors, 0 left on base; Trenton 6 - Chattanooga 1
TOP OF THE 6TH
Trenton Thunder batting - Pitching for Chattanooga Lookouts : LHP Craig Anderson
Batting: RHB Jeremy Hathcock 0-0: Ball
1-0: Called Strike
1-1: Ball
2-1: Fly out, F9 (Line Drive, 9D, EV 97.5 MPH)
Batting: SHB David Bantista 0-0: Called Strike
0-1: Fly out, F5 (Line Drive, 5, EV 66.9 MPH)
Pitching: RHP Justin Nourse
Batting: RHB Jeremy Lewis 0-0: Ball
1-0: Ball
2-0: Ball
3-0: Called Strike
3-1: Ground out 6-3 (Groundball, 6, EV 83.1 MPH)
Top of the 6th over - 0 runs, 0 hits, 0 errors, 0 left on base; Trenton 6 - Chattanooga 1
BOTTOM OF THE 6TH
Chattanooga Lookouts batting - Pitching for Trenton Thunder : RHP Leo Gonzales
Batting: RHB Ben Droge 0-0: Ground out 6-3 (Groundball, 6, EV 87.5 MPH)
Batting: LHB Marius Tadini 0-0: Called Strike
0-1: Swinging Strike
0-2: Fly out, F7 (Flyball, 7S, EV 82.5 MPH)
Batting: LHB Kozo Kanamori 0-0: Ball
1-0: Ground out 6-3 (Groundball, 4M, EV 86.3 MPH)
Bottom of the 6th over - 0 runs, 0 hits, 0 errors, 0 left on base; Trenton 6 - Chattanooga 1
TOP OF THE 7TH
Trenton Thunder batting - Pitching for Chattanooga Lookouts : RHP Justin Nourse
Batting: RHB Luis Balderas 0-0: Called Strike
0-1: Swinging Strike
0-2: Ball
1-2: Ball
2-2: Strikes out swinging
Batting: RHB Hector Padilla 0-0: Ball
1-0: Ball
2-0: Called Strike
2-1: Foul Ball, location: 2F
2-2: Ball
3-2: Strikes out swinging
Batting: SHB Bobby Reynolds 0-0: Ground out 5-3 (Groundball, 6, EV 83.1 MPH)
Top of the 7th over - 0 runs, 0 hits, 0 errors, 0 left on base; Trenton 6 - Chattanooga 1
BOTTOM OF THE 7TH
Chattanooga Lookouts batting - Pitching for Trenton Thunder : RHP Leo Gonzales
Batting: RHB Isaiah Easter 0-0: Ball
1-0: Swinging Strike
1-1: Fly out, F8 (Flyball, 8RM, EV 91.9 MPH)
Batting: RHB Justin Allison 0-0: Foul Ball, location: 2F
0-1: Ball
1-1: Swinging Strike
1-2: Foul Ball, location: 2F
1-2: Foul Ball, location: 2F
1-2: Ball
2-2: Foul Ball, location: 2F
2-2: Strikes out swinging
Batting: RHB Ruben Martinez 0-0: Ball
1-0: Fly out, F5 (Flyball, 5D, EV 90.6 MPH)
Bottom of the 7th over - 0 runs, 0 hits, 0 errors, 0 left on base; Trenton 6 - Chattanooga 1
TOP OF THE 8TH
Trenton Thunder batting - Pitching for Chattanooga Lookouts : RHP Justin Nourse
Batting: RHB Herb Craig 0-0: Called Strike
0-1: Ground out 6-3 (Groundball, 6, EV 101.9 MPH)
Batting: RHB John Rodd 0-0: Called Strike
0-1: Fly out, F8 (Flyball, 8LD, EV 98.1 MPH)
Batting: RHB Eric Blais 0-0: Ball
1-0: Ball
2-0: Swinging Strike
2-1: Ball
3-1: SINGLE (Line Drive, 8RM, EV 86.3 MPH)
Pitching: RHP Curtis Ferguson
Batting: RHB Jeremy Hathcock 0-0: Ball
1-0: Ball
2-0: Called Strike
2-1: SINGLE (Line Drive, 9LS, EV 94.4 MPH)
Eric Blais to second
Runner from 2nd tries for 3rd, SAFE, throw by RF made to third
Batting: SHB David Bantista 0-0: Called Strike
0-1: Called Strike
0-2: Ball
1-2: Ball
2-2: Fly out, F9 (Flyball, 9S, EV 86.9 MPH)
Top of the 8th over - 0 runs, 2 hits, 0 errors, 2 left on base; Trenton 6 - Chattanooga 1
BOTTOM OF THE 8TH
Chattanooga Lookouts batting - Pitching for Trenton Thunder : RHP Leo Gonzales
Batting: RHB Masaichi Tokunaga 0-0: Called Strike
0-1: Ball
1-1: Swinging Strike
1-2: Foul Ball, location: 2F
1-2: Ball
2-2: DOUBLE (Flyball, 78D, EV 95.6 MPH)
Pitching: RHP Shamar McBride
Pinch Hitting: LHB Matt Robertson 0-0: Ball
1-0: Ground out 5-3 (Groundball, 56, EV 103.8 MPH)
Pinch Hitting: RHB J.J. Powers 0-0: Ball
1-0: Foul Ball, location: 2F
1-1: Ball
2-1: SINGLE (Groundball, 34D, EV 98.8 MPH)
Masaichi Tokunaga to third
Pinch Hitting: LHB Armando Rendon 0-0: Ball
1-0: Ball
2-0: Swinging Strike
2-1: Called Strike
2-2: Foul Ball, location: 2F
2-2: Foul Ball, location: 2F
2-2: Fielders Choice at 2nd, U6 (Groundball, 4MD, EV 85.6 MPH)
Masaichi Tokunaga scores
Batting: LHB Marius Tadini 0-0: Ball
1-0: Ball
2-0: Ground out 1-3 (Groundball, 34S, EV 65.0 MPH)
Bottom of the 8th over - 1 run, 2 hits, 0 errors, 1 left on base; Trenton 6 - Chattanooga 2
TOP OF THE 9TH
Trenton Thunder batting - Pitching for Chattanooga Lookouts : RHP Curtis Ferguson
Now at 2B: Miguel Verduzco
Now at 3B: Armando Rendon
Now at SS: J.J. Powers
Batting: RHB Jeremy Lewis 0-0: Ball
1-0: Foul Ball, location: 2F
1-1: Called Strike
1-2: Ball
2-2: Ball
3-2: Fly out, F9 (Line Drive, 9, EV 109.4 MPH)
Batting: RHB Luis Balderas 0-0: Ball
1-0: Ground out 5-3 (Groundball, 56, EV 83.8 MPH)
Batting: RHB Hector Padilla 0-0: Ball
1-0: Swinging Strike
1-1: Ball
2-1: Foul Ball, location: 2F
2-2: Fly out, F8 (Line Drive, 8LD, EV 85.6 MPH)
Top of the 9th over - 0 runs, 0 hits, 0 errors, 0 left on base; Trenton 6 - Chattanooga 2
BOTTOM OF THE 9TH
Chattanooga Lookouts batting - Pitching for Trenton Thunder : RHP Shamar McBride
Batting: LHB Kozo Kanamori 0-0: Called Strike
0-1: Called Strike
0-2: Ball
1-2: Strikes out swinging
Batting: RHB Isaiah Easter 0-0: Called Strike
0-1: Ground out 4-3 (Groundball, 4, EV 102.5 MPH)
Batting: RHB Justin Allison 0-0: Ball
1-0: Ground out 4-3 (Groundball, 4, EV 88.8 MPH)
Bottom of the 9th over - 0 runs, 0 hits, 0 errors, 0 left on base; Trenton 6 - Chattanooga 2
Thursday, March 31st , 2022 - OOTP Baseball 22.12 Build 89